 Dungeon Crawl Stone Soup version 0.26.1-2-gb8aa6d0cf2 (webtiles) character file.

Game seed: 15890279240051226058

79 funkygono the Firebug (level 4, -6/32 HPs)
             Began as a Demonspawn Fire Elementalist on Feb 23, 2021.
             Mangled by an orc warrior
             ... wielding a +0 long sword
              (18 damage)
             ... on level 3 of the Dungeon.
             The game lasted 00:04:45 (2980 turns).

funkygono the Firebug (DsFE)                        Turns: 2980, Time: 00:04:46

Health: -6/32      AC:  2    Str:  8    XL:     4   Next: 17%
Magic:  1/8        EV: 12    Int: 18    God:
Gold:   103        SH:  0    Dex: 13    Spells: 8/9 levels left

rFire    . . .     SeeInvis .   f - +1 whip
rCold    + . .     Faith    .   (no shield)
rNeg     . . .     Spirit   .   a - +0 robe
rPois    .         Reflect  .   (no helmet)
rElec    .         Harm     .   (no cloak)
rCorr    .         Rampage  .   (no gloves)
Will     .....                  (no boots)
Stlth    ++........             (no amulet)
HPRegen  0.10/turn              (no ring)
MPRegen  0.11/turn              (no ring)

@: no status effects
A: cold resistance 1, spiny 1
a: no special abilities


You were on level 3 of the Dungeon.
You visited 1 branch of the dungeon, and saw 3 of its levels.

You collected 103 gold pieces.

Inventory:

Hand Weapons
 f - a +1 whip (weapon)
Armour
 a - a +0 robe (worn)
Scrolls
 d - a scroll of remove curse
Potions
 b - a potion of curing
 c - a potion of cancellation
 g - 2 potions of lignification


   Skills:
 + Level 1.0 Fighting
 + Level 0.4 Maces & Flails
 + Level 1.7 Dodging
 - Level 1.7 Stealth
 * Level 3.0 Spellcasting
 * Level 1.9 Conjurations
 * Level 3.2 Fire Magic


You had 8 spell levels left.
You knew the following spells:

 Your Spells              Type           Power        Failure   Level
a - Foxfire               Conj/Fire      48%          5%          1

Your spell library contained the following spells:

 Spells                   Type           Power        Failure   Level
 Conjure Flame            Conj/Fire      12%          17%         3
 Inner Flame              Hex/Fire       8%           26%         3
 Sticky Flame             Conj/Fire      12%          50%         4
 Fireball                 Conj/Fire      6%           83%         5


Dungeon Overview and Level Annotations

Branches:
Dungeon (3/15)

Altars:


Innate Abilities, Weirdness & Mutations

Your flesh is cold resistant. (rC+)
You are partially covered in sharp spines.


Message History

The foxfire hits the orc warrior.
The orc warrior is lightly wounded.
The orc warrior is struck by your spines.
The orc warrior hits you with a +0 long sword!!
Ouch! That really hurt!
Casting: Foxfire (safe; 5% risk of failure)
Confirm with . or Enter, or press ? or * to list all spells.
You conjure some foxfire!
The foxfire hits the orc warrior but does no damage.
The orc warrior is lightly wounded.
The foxfire hits the orc warrior but does no damage.
The orc warrior is lightly wounded.
The foxfire hits the orc warrior.
The orc warrior is moderately wounded.
The foxfire hits the orc warrior but does no damage.
The orc warrior is moderately wounded.
The orc warrior is struck by your spines.
The orc warrior hits you with a +0 long sword!!
Ouch! That really hurt!
You die...

... .# #.# #.
..... #.#$
###+###..
#.....§.#
#.[..§..###.##.
#....§.o).!)...
#....§@.###.##.
#.......#
###.##'##
#.##.#
#.##.######.
#.##........
#...........
#.########..
############.#


You could see an orc warrior.

Vanquished Creatures
  3 adders
  A worm (D:2)
  2 leopard geckos (D:2)
  An orc (D:3)
  8 bats
  3 giant cockroaches
  5 goblins
  5 hobgoblins
  4 jackals (D:2)
  6 kobolds
  A ball python (D:1)
  8 rats
47 creatures vanquished.

Vanquished Creatures (others)
  120 foxfires
120 creatures vanquished.

Grand Total: 167 creatures vanquished

Notes
Turn   | Place    | Note
-------+----------+-------------------------------------------
     0 | D:1      | funkygono the Demonspawn Fire Elementalist began the quest
                  | for the Orb.
     0 | D:1      | Reached XP level 1. HP: 13/13 MP: 3/3
   398 | D:1      | Gained mutation: You are partially covered in sharp spines.
                  | [demonic ancestry]
   398 | D:1      | Reached XP level 2. HP: 19/19 MP: 0/5
  1627 | D:2      | Reached skill level 1 in Fighting
  1627 | D:2      | Reached XP level 3. HP: 26/26 MP: 3/6
  2825 | D:3      | Gained mutation: Your flesh is cold resistant. (rC+)
                  | [demonic ancestry]
  2825 | D:3      | Reached XP level 4. HP: 24/32 MP: 5/8
  2971 | D:3      | Noticed an orc warrior
  2980 | D:3      | Mangled by an orc warrior

Illustrated notes

Levels and vault maps discovered:
D:1:      dpeg_arrival_yet_another_circle, layout_basic,
          minmay_misc_feat_secret_circle
D:2:      layout_basic
D:3:      layout_basic, uniq_grinder

Skill      XL: |  1  2  3  4 |
---------------+-------------+-----
Fire Magic     | 3 |  3.2
Fighting       | 1 |  1.0
Spellcasting   | 3 |  3.0
Maces & Flails | |  0.4
Dodging        | |  1.7
Stealth        | |  1.7
Conjurations   | |  1.9

Action                   |  1- 3 |  4- 6 || total
-------------------------+-------+-------++-------
Melee: Club              |     4 |       ||     4
       Whip              |     1 |       ||     1
 Cast: Foxfire           |    63 |    10 ||    73
  Use: Scroll            |     6 |       ||     6
 Stab: Sleeping          |     1 |       ||     1
Armor: Robe              |     6 |       ||     6
Dodge: Dodged            |    28 |       ||    28
